 Dungeon Sprint DCSS version 0.27-a0-1158-gaa87e14f67 (webtiles) character file.

Game seed: 13158428787760808578

16 mhtbhm the Digger (level 2, -6/15 HPs)
             Began as a Deep Elf Earth Elementalist on May 15, 2021.
             Mangled by a water moccasin (7 damage)
             ... in the Dungeon (Sprint IX: "|||||||||||||||||||||||||||||").
             The game lasted 00:00:17 (198 turns).

mhtbhm the Digger (Deep Elf Earth Elementalist)      Turns: 198, Time: 00:00:17

Health: -6/15      AC:  2    Str:  5    XL:     2   Next: 41%
Magic:  2/9        EV: 13    Int: 19    God:
Gold:   0          SH:  0    Dex: 15    Spells: 8/9 levels left

rFire    . . .     SeeInvis .   (no weapon)
rCold    . . .     Faith    .   (no shield)
rNeg     . . .     Spirit   .   c - +0 robe
rPois    .         Reflect  .   (no helmet)
rElec    .         Harm     .   (no cloak)
rCorr    .         Rampage  .   (no gloves)
Will     .....     NoTele   +   (no boots)
Stlth    ++........             (no amulet)
HPRegen  0.05/turn              (no ring)
MPRegen  0.11/turn              (no ring)

@: no status effects
A: no striking features
a: no special abilities


You were in the Dungeon.
You visited 1 branch

Inventory:

Missiles
 b - 23 stones
Armour
 c - a +0 robe (worn)
Scrolls
 i - a scroll of blinking
Potions
 d - a potion of curing
 e - a potion of heal wounds
 f - a potion of haste
 g - 2 potions of magic
 h - a potion of berserk rage


   Skills:
 + Level 2.7 Dodging
 + Level 2.7 Stealth
 + Level 4.1 Spellcasting
 + Level 1.1 Transmutations
 + Level 5.6 Earth Magic


You had 8 spell levels left.
You knew the following spells:

 Your Spells              Type           Power      Damage    Failure   Level
a - Sandblast             Erth           50%        2d12      1%          1

Your spell library contained the following spells:

 Spells                   Type           Power      Damage    Failure   Level
 Passwall                 Tmut/Erth      13%        N/A       4%          2
 Stone Arrow              Conj/Erth      28%        3d8       13%         3
 Petrify                  Tmut/Erth      16%        N/A       32%         4
 Lee's Rapid Deconstruct  Erth           12%        3d10*     36%         5


Dungeon Overview and Level Annotations

Branches:
Dungeon (1/1)

Altars:


Message History

Unknown command.
Casting: Sandblast (safe; 1% risk of failure)
Confirm with . or Enter, or press ? or * to list all spells.
Aiming: Sandblast (safe; 1% risk of failure)
Press: ? - help, Shift-Dir - straight line, f/p - orc
Aim: an orc, wielding a +0 club and wearing a +0 scale mail (83% to hit)
The blast of sand hits the orc!
You kill the orc!
The water moccasin bites you.
Unknown command.
Casting: Sandblast (safe; 1% risk of failure)
Confirm with . or Enter, or press ? or * to list all spells.
Aiming: Sandblast (safe; 1% risk of failure)
Press: ? - help, Shift-Dir - straight line, f - water moccasin
Aim: a water moccasin (68% to hit)
The blast of sand hits the water moccasin!
The water moccasin is heavily wounded.
The water moccasin closely misses you.
Unknown command.
Casting: Sandblast (safe; 1% risk of failure)
Confirm with . or Enter, or press ? or * to list all spells.
Aiming: Sandblast (safe; 1% risk of failure)
Press: ? - help, Shift-Dir - straight line, f/p - water moccasin
Aim: a water moccasin (heavily wounded, 68% to hit)
The blast of sand hits the water moccasin but does no damage.
The water moccasin is heavily wounded.
The water moccasin bites you but does no damage.
Unknown command.
Casting: Sandblast (safe; 1% risk of failure)
Confirm with . or Enter, or press ? or * to list all spells.
Aiming: Sandblast (safe; 1% risk of failure)
Press: ? - help, Shift-Dir - straight line, f/p - water moccasin
Aim: a water moccasin (heavily wounded, 68% to hit)
The blast of sand hits the water moccasin!
The water moccasin is almost dead.
The water moccasin bites you!
Ouch! That really hurt!
* * * LOW HITPOINT WARNING * * *
The water moccasin bites you!
You die...

▓.▓
▓.▓
▓.▓
▓†▓
▓.▓
▓)▓
▓.▓
▓.▓
▓@▓
▓S▓
▓Y▓
▓W▓
▓.▓
▓.▓
▓.▓
▓+▓


You could see a phantom, a water moccasin and an ice beast.

Vanquished Creatures
  A shadow imp (D)
  An orc (D)
  3 hobgoblins (D)
  A kobold (D)
  A ball python (D)
7 creatures vanquished.

Notes
Turn   | Place    | Note
-------+----------+-------------------------------------------
     0 | D        | mhtbhm the Deep Elf Earth Elementalist began the quest for
                  | the Orb.
     0 | D        | Reached XP level 1. HP: 10/10 MP: 6/6
    17 | D        | Reached skill level 4 in Earth Magic
   192 | D        | Noticed a water moccasin
   192 | D        | Noticed an ice beast
   192 | D        | Noticed a phantom
   194 | D        | Reached skill level 5 in Earth Magic
   194 | D        | Reached XP level 2. HP: 15/15 MP: 7/9
   198 | D        | Mangled by a water moccasin

Illustrated notes

Levels and vault maps discovered:
D:        linesprint [early_d, line_temple, items_1, d_10, items_2, lair_1,
          lair_end, items_3, orc_1, orc_end, items_4, d_15, swamp_1, shoals_1,
          snake_1, spider_1, d_20, vaults_1, items_5, swamp_end, shoals_end,
          snake_end, spider_end, vaults_end, d_27, items_6, zot_1, zot_end,
          crypt_end, forest_end, elf_end, slime_end, tomb_end, abyss_end,
          pan_hell_end]

Skill      XL: |  1 |
---------------+----+-----
Earth Magic    | 5 |  5.6
Spellcasting   | 4 |  4.1
Dodging        | |  2.7
Stealth        | |  2.7
Transmutations | |  1.1

Action                   || total
-------------------------++-------
 Cast: Sandblast         ||    12
Armor: Robe              ||     2
Dodge: Dodged            ||     1

Table legend: (Time is in decaauts)
 A = Elapsed time spent in this place.
 B = Non-inter-level travel time spent in this place.
 C = Inter-level travel time spent in this place.
 D = Time resting spent in this place.
 E = Time spent auto-exploring this place.
 F = Levels seen in this place.
 G = Mean time per level.
                   A        B        C        D        E       F      G
               +--------+--------+--------+--------+--------+-----+--------+
         Total |    198 |    198 |      0 |    172 |      0 |   1 |  198.0 |
       Dungeon |    198 |    198 |      0 |    172 |      0 |   1 |  198.0 |
               +--------+--------+--------+--------+--------+-----+--------+

Top non-repeatable levels by time:
       D: 198 daAuts
